 Dungeon Crawl Stone Soup version 0.28.0 (webtiles) character file.

Game seed: 5868204525703715976

1568 fragbeetle the Cleaver (level 8, -1/64 HPs)
             Began as a Hill Orc Fighter on Feb 10, 2022.
             Slain by Duvessa (14 damage)
             ... on level 5 of the Dungeon.
             The game lasted 00:07:43 (7887 turns).

fragbeetle the Cleaver (Hill Orc Fighter)           Turns: 7887, Time: 00:07:44

Health: -1/64      AC: 14    Str: 21    XL:     8   Next: 90%
Magic:  8/8        EV:  5    Int:  8    God:
Gold:   171        SH:  4    Dex: 10    Spells: 7/7 levels left

rFire   . . .      SeeInvis .   v - +7 hand axe
rCold   . . .      Faith    .   c - +0 buckler
rNeg    . . .      Spirit   .   h - +0 plate armour
rPois   .          Reflect  .   u - +0 helmet
rElec   .          Harm     .   (no cloak)
rCorr   .          Rampage  .   (no gloves)
Will    .....                   z - +0 pair of boots
Stlth   ..........              (no amulet)
HPRegen 0.20/turn               (no ring)
MPRegen 0.11/turn               (no ring)

@: mighty
A: no striking features
a: no special abilities


You were on level 5 of the Dungeon.
You visited 1 branch of the dungeon, and saw 6 of its levels.

You collected 171 gold pieces.

Inventory:

Hand Weapons
 a - a +0 war axe
 v - a +7 hand axe (weapon)
 w - a +1 whip of venom
Missiles
 i - 46 sling bullets
 y - 6 poisoned darts (quivered)
Armour
 c - a +0 buckler (worn)
 h - a +0 plate armour (worn)
 u - a +0 helmet (worn)
 z - a +0 pair of boots (worn)
Jewellery
 g - a ring of see invisible
 j - an amulet of faith
 x - a ring of willpower
Wands
 k - a wand of digging (4)
 C - a wand of iceblast (11)
 D - a wand of polymorph (12)
Scrolls
 e - 3 scrolls of identify {unknown}
 l - 3 scrolls of fear {unknown}
 n - 2 scrolls of teleportation {unknown}
 s - a scroll of enchant armour {unknown}
 t - a scroll of amnesia {unknown}
 B - a scroll of noise {unknown}
Potions
 b - a potion of curing {unknown}
 f - a potion of lignification {unknown}
 m - 2 potions of degeneration {unknown}
 o - a potion of magic {unknown}
 p - 3 potions of heal wounds {unknown}
 q - a potion of cancellation {unknown}
 r - 2 potions of brilliance {unknown}
 A - a potion of haste {unknown}
 E - a potion of attraction {unknown}


   Skills:
 - Level 3.6 Fighting
 - Level 14.0 Axes
 + Level 3.8 Armour
 - Level 3.2 Shields


You had 7 spell levels left.
You didn't know any spells.
Your spell library contained the following spells:

 Spells                   Type           Power      Damage    Failure   Level
 Freeze                   Ice            0%         1d3       100%        1
 Magic Dart               Conj           0%         1d3       100%        1
 Shock                    Conj/Air       0%         1d3       100%        1
 Summon Small Mammal      Summ           0%         N/A       100%        1
 Conjure Flame            Conj/Fire      0%         6-21      100%        3
 Ignite Poison            Fire/Tmut/Pois 0%         N/A       100%        3
 Hailstorm                Conj/Ice       0%         3d3       100%        4
 Sticky Flame             Conj/Fire      0%         2d3       100%        4
 Summon Mana Viper        Hex/Summ       0%         N/A       100%        5
 Dragon's Call            Summ           0%         N/A       100%        9


Dungeon Overview and Level Annotations

Branches:
Dungeon (6/15)
 Temple: D:4-7

Altars:
Sif Muna

Annotations:
D:4 3 runed translucent doors, Minsecho's ghost, amateur HOFi
D:5 Duvessa


Message History

You are no longer poisoned.
HP restored.
Things that are here:
a +1 dagger of venom; a +0 robe; the elf corpse of Dowan You pick up Sif Muna's Incunabulum of Attacks and begin reading...
You add the spells Shock and Magic Dart to your library.
Duvessa, Sister of Dowan comes into view.
She is wielding a +0 short sword.
Duvessa shouts!
Duvessa goes berserk!
There is an empty arch of ancient stone here.
You slash Duvessa!
Duvessa is lightly wounded.
Duvessa completely misses you.
You barely miss Duvessa.
Duvessa is lightly wounded.
Duvessa hits you with a +0 short sword.
You barely miss Duvessa.
Duvessa is lightly wounded.
Duvessa hits you with a +0 short sword.
You barely miss Duvessa.
Duvessa is lightly wounded.
Duvessa hits you with a +0 short sword!
You hit Duvessa.
Duvessa is moderately wounded.
You hit Duvessa.
Duvessa is moderately wounded.
Duvessa hits you with a +0 short sword.
You feel very mighty all of a sudden. Duvessa hits you with a +0 short sword.
Duvessa hits you with a +0 short sword!
* * * LOW HITPOINT WARNING * * *
You are too injured to fight recklessly!
You are too injured to fight recklessly!
You barely miss Duvessa.
Duvessa is moderately wounded.
Duvessa hits you with a +0 short sword!
* * * LOW HITPOINT WARNING * * *
You slash Duvessa!
Duvessa is heavily wounded.
Duvessa hits you with a +0 short sword!
You die...

###.#.#...#.#.#####.#.
#..#. #.###.#.#.###
.#.. #.# ####..# ####
#.######.####..#
#........###.._#
#######.###....#
#..##...### #.##...##
#.#.).#@# #....###e..#
#...## ..## #..## .##
#### ##


You could see Duvessa (berserk).

Vanquished Creatures
  2 black bears
  A hornet zombie (D:5)
  A necrophage (D:3)
  A phantom (D:3)
  Blork the orc (D:5)
  2 scorpions (D:4)
  A water moccasin zombie (D:5)
  A water moccasin skeleton (D:5)
  Dowan (D:5)
  5 wights
  A howler monkey (D:5)
  A jelly (D:6)
  4 hounds
  A centaur skeleton (D:4)
  2 iguanas
  Natasha (thrice) (D:2)
  A hound skeleton (D:4)
  4 gnolls (D:2)
  9 adders
  A shadow imp (D:4)
  An ufetubus (D:6)
  3 worms
  2 dart slugs
  9 orcs
  7 endoplasms
  5 giant cockroaches
  15 goblins
  11 hobgoblins
  2 jackals (D:2)
  8 kobolds
  A quokka (D:4)
  2 ball pythons
  6 bats
  4 frilled lizards
  3 rats (D:3)
122 creatures vanquished.

Notes
Turn   | Place    | Note
-------+----------+-------------------------------------------
     0 | D:1      | fragbeetle the Hill Orc Fighter began the quest for the
                  | Orb.
     0 | D:1      | Reached XP level 1. HP: 19/19 MP: 1/1
    20 | D:1      | Reached skill level 3 in Axes
   119 | D:1      | Reached XP level 2. HP: 26/26 MP: 2/2
   196 | D:1      | Reached skill level 4 in Axes
   924 | D:1      | Reached XP level 3. HP: 31/31 MP: 3/3
  1178 | D:2      | Reached skill level 5 in Axes
  1312 | D:2      | Reached XP level 4. HP: 36/39 MP: 4/4
  1354 | D:2      | Noticed Natasha
  1361 | D:2      | Killed Natasha
  1362 | D:2      | Reached skill level 6 in Axes
  1464 | D:2      | Reached XP level 5. HP: 25/45 MP: 5/5
  1789 | D:2      | Noticed Natasha
  1796 | D:2      | Killed Natasha
  1797 | D:2      | Reached skill level 7 in Axes
  3338 | D:2      | Noticed Natasha
  3344 | D:2      | Killed Natasha
  3345 | D:2      | Reached skill level 8 in Axes
  3345 | D:2      | Reached XP level 6. HP: 41/51 MP: 6/6
  3881 | D:3      | Noticed a necrophage
  3888 | D:3      | Killed a necrophage
  3961 | D:3      | You fall into a shaft and drop 3 floors!
  3966 | D:6      | Reached skill level 9 in Axes
  3972 | D:5      | Entered Level 5 of the Dungeon
  4110 | D:5      | Noticed Blork the orc
  4127 | D:4      | Reached XP level 7. HP: 46/57 MP: 7/7
  4208 | D:5      | Killed Blork the orc
  4209 | D:5      | Reached skill level 10 in Axes
  4909 | D:4      | Reached skill level 11 in Axes
  5025 | D:4      | Noticed Minsecho's ghost (amateur HOFi)
  5090 | D:4      | Reached XP level 8. HP: 58/64 MP: 8/8
  5851 | D:4      | Reached skill level 12 in Axes
  6295 | D:4      | Found a runed translucent gate.
  6324 | D:4      | Found a runed translucent gate.
  6412 | D:4      | Found a runed translucent gate.
  6905 | D:5      | Reached skill level 13 in Axes
  7117 | D:5      | Got the Guide on Cold and the Entourage
  7546 | D:5      | Noticed Dowan
  7547 | D:5      | Found a shimmering blue altar of Sif Muna.
  7731 | D:5      | Reached skill level 14 in Axes
  7841 | D:5      | Killed Dowan
  7874 | D:5      | Got Sif Muna's Incunabulum of Attacks
  7878 | D:5      | Noticed Duvessa
  7887 | D:5      | Slain by Duvessa

Illustrated notes

Levels and vault maps discovered:
D:1:      dpeg_arrival_simpleton_c, layout_basic
D:2:      layout_basic, minmay_heptomino_o4, uniq_natasha
D:3:      layout_loops_ring, minmay_fractal_squares_5
D:4:      layout_basic, gammafunk_ghost_split
D:5:      nicolae_cairo_tiling_large_dashed, layout_basic,
          nzn_overflow_gifts_of_might_and_magic, okawaru_altar_gauntlet_db,
          grunt_decor_clamped, kennysheep_flooded_box, uniq_grinder,
          uniq_duvessa, uniq_blork_the_orc
D:6:      layout_rooms, minmay_temple_entry_steel_oval, roderic_roman_lattice,
          kennysheep_generic_room_16

Skill      XL: |  1  2  3  4  5  6  7  8 |
---------------+-------------------------+-----
Axes           | 3 4 5 6 8 9 11 14 | 14.0
Fighting       | |  3.6
Armour         | |  3.8
Shields        | |  3.2

Action                   |  1- 3 |  4- 6 |  7- 9 || total
-------------------------+-------+-------+-------++-------
Melee: War axe           |    92 |   111 |   142 ||   345
       Hand axe          |       |       |    98 ||    98
  Use: Potion            |       |     1 |     1 ||     2
Armor: Scale mail        |    17 |       |       ||    17
       Plate armour      |    41 |    76 |   116 ||   233
Dodge: Dodged            |    26 |    19 |    50 ||    95
Block: Buckler           |    22 |    22 |    48 ||    92
